 Dungeon Crawl Stone Soup version 0.22.0 (webtiles) character file.

2100269 Faustar the Axe Maniac (level 27, 273/273 HPs)
             Began as a Minotaur Berserker on Aug 10, 2018.
             Was an Elder of Trog.
             Escaped with the Orb
             ... and 4 runes on Aug 11, 2018!
             The game lasted 06:00:26 (91740 turns).

Faustar the Axe Maniac (Minotaur Berserker)        Turns: 91740, Time: 06:00:27

Health: 273/273    AC: 28    Str: 34    XL:     27
Magic:  33/33      EV: 21    Int:  4    God:    Trog [****..]
Gold:   2679       SH: 39    Dex: 10    Spells: 26/26 levels left

rFire    + + .     SeeInvis +   S - +10 broad axe of Vymiw {speed, rF+ MP+9}
rCold    + + .     Gourm    .   x - +6 large shield "Niowk" {rPois}
rNeg     . . .     Faith    .   Z - +1 plate armour "Forama" {rElec rCorr}
rPois    +         Spirit   +   I - +2 hat {MR+}
rElec    +         Reflect  +   q - scarf {Spirit}
rCorr    +         Harm     .   E - +2 pair of gloves
MR       ++++.                  L - +2 pair of boots {Stlth+}
Stlth    ..........             Q - +5 amulet of reflection
HPRegen  0.55/turn              o - ring of see invisible
MPRegen  0.23/turn              D - ring of Ephemeral Luck {rC++ MR+ Dex-3}

@: hasted (expiring), very quick
A: retaliatory headbutt, horns 2, blink, deformed body, fire resistance 1, low
mp 1, strong 1, subdued magic 1
0: Orb of Zot
}: 4/15 runes: serpentine, barnacled, silver, abyssal
a: Blink, Berserk, Trog's Hand, Brothers in Arms, Renounce Religion


You escaped.
You worshipped Trog.
Trog was greatly pleased with you.
You were not hungry.

You visited 13 branches of the dungeon, and saw 55 of its levels.
You visited the Abyss 4 times.
You also visited: Trove.

You collected 10775 gold pieces.
You spent 8096 gold pieces at shops.

Inventory:

Hand Weapons
 S - the +10 broad axe of Vymiw (weapon) {speed, rF+ MP+9}
   (You took it off a frost giant on level 5 of the Depths)

   Attacks with this weapon are significantly faster.
   It protects you from fire.
   It affects your magic capacity (+9).
Armour
 q - a scarf of spirit shield (worn)
 t - a +2 hat of see invisible
 x - the +6 large shield "Niowk" (worn) {rPois}
   (You found it on level 3 of the Crypt)

   It protects you from poison.
 E - a +2 pair of gloves (worn)
 I - a +2 hat of magic resistance (worn)
 L - a +2 pair of boots of stealth (worn)
 Z - the +1 plate armour "Forama" (worn) {rElec rCorr}
   (You bought it in a shop on level 4 of the Depths)

   It insulates you from electricity.
   It provides partial protection from all sources of acid and corrosion.
Jewellery
 a - an uncursed amulet of regeneration
 b - an uncursed ring of positive energy
 m - an uncursed ring of protection from cold
 o - a ring of see invisible (left hand)
 s - a +5 ring of intelligence
 D - the ring of Ephemeral Luck (right hand) {rC++ MR+ Dex-3}
   (You took it off an ogre mage on level 4 of the Depths)

   [ring of protection from magic]

   It affects your dexterity (-3).
   It greatly protects you from cold.
   It affects your resistance to hostile enchantments.
 K - an uncursed ring of protection from fire
 Q - a +5 amulet of reflection (around neck)
Wands
 i - a wand of acid (34)
 l - a wand of digging (60)
 r - a wand of iceblast (22)
 B - a wand of paralysis (70)
 F - a wand of flame (30)
 P - a wand of enslavement (14)
 W - a wand of disintegration (3)
 Y - a wand of polymorph (33)
Scrolls
 g - 4 scrolls of holy word
 k - 9 scrolls of remove curse
 y - 27 scrolls of teleportation
 A - 6 scrolls of silence
 H - a scroll of summoning
 J - 14 scrolls of fog
 M - 2 scrolls of enchant weapon
 N - 11 scrolls of identify
 T - 2 scrolls of magic mapping
 V - 11 scrolls of fear
Potions
 d - 3 potions of brilliance
 e - a potion of ambrosia
 f - 7 potions of agility
 h - a potion of berserk rage
 j - 20 potions of curing
 n - 2 potions of mutation
 p - 6 potions of flight
 w - 11 potions of might
 z - 2 potions of invisibility
 C - 10 potions of heal wounds
 G - 7 potions of cancellation
 O - 6 potions of resistance
Comestibles
 c - 37 rations


   Skills:
 O Level 27 Fighting
 O Level 27 Axes
 O Level 27 Armour
 + Level 26.1 Dodging
 O Level 27 Shields
 - Level 7.0 Evocations


You had 26 spell levels left.
You didn't know any spells.
Your spell library was empty.

Dungeon Overview and Level Annotations

Branches:
Dungeon (15/15)            Temple (1/1) D:7            Lair (6/6) D:8
 Shoals (4/4) Lair:2        Snake (4/4) Lair:2        Slime (1/5) Lair:5
    Orc (2/2) D:12            Elf (3/3) Orc:2        Vaults (5/5) D:13
  Crypt (3/3) Vaults:3       Tomb (1/3) Crypt:3      Depths (5/5) D:15
    Zot (5/5) Depths:5

Altars:
Ashenzari
Cheibriados
Dithmenos
Fedhas
Makhleb
Nemelex Xobeh
Qazlal
Wu Jian
Xom
Yredelemnul
Zin
Beogh

Shops:
D:8 %   D:9 !   D:15 %   Orc:1 ?   Orc:2 }[[(   Shoals:2 !   Snake:2 %
Snake:4 }=}*   Vaults:1 !   Vaults:4 (   Vaults:5 ?!%%!%!?   Depths:1 *(
Depths:4 [

Portals:
Hell: Lair:6 Depths:1 Depths:2 Depths:3 Depths:4 Depths:5
Abyss: Depths:3 Depths:4
Pandemonium: Depths:3
Ziggurat: Depths:5

Annotations:
D:11 exclusion: 2 oklob plants
Lair:3 1 runed door
Snake:2 1 runed door, Execuda's ghost, adept HOMo
Orc:2 3 runed doors, Arth's ghost, journeyman MiFi
Elf:2 4 runed doors, Icoamn's ghost, journeyman MiBe
Depths:2 exclusion: upstairs
Depths:3 exclusion: upstairs
Zot:2 exclusion: upstairs
Zot:3 1 transporter
Zot:5 exclusion: orange crystal statue


Innate Abilities, Weirdness & Mutations

You reflexively headbutt those who attack you in melee.
You have a pair of horns on your head.
You can translocate small distances at will.
Armour fits poorly on your strangely shaped body.
Your flesh is heat resistant. (rF+)
Your magical capacity is low. (-10% MP)
Your muscles are strong. (Str +2)
Your spells are a little easier to cast, but a little less powerful.


Message History

You climb upwards.
There is a stone staircase leading down here.
You feel yourself speed up.
There is a stone staircase leading up here.
You climb upwards.
There is a stone staircase leading down here.
You feel a little less mighty now.
An iron imp comes into view.
An iron imp is nearby!
Okay, then.
Unknown command.
As you read the scroll of summoning, it crumbles to dust.
Wisps of shadow whirl around you...
You swap places.
Your bat barely misses the iron imp.
Your bat hits the iron imp but does no damage.
You swap places.
Your bat hits the iron imp but does no damage.
Your extra speed is starting to run out.
There is a staircase leading out of the dungeon here.
You have escaped!

.....##...............[.#####.#
.....##.....................#.#
#######.##...##.........#.###.#
........................#.....#
................##......#######
.......................##
#......................##
#..............b........##
.5.............b@........#
...............bb........#
#.......#................#
........#....##..#.......#
.......#................##
...................######
####.###...........######
........................##
.................#.......#


You could see 4 friendly bats.

Vanquished Creatures
  8 orbs of fire
  5 ancient liches
  Boris (Crypt:2)
  Vashnia (Snake:2)
  Margery (Crypt:3)
  A shard shrike (Zot:3)
  2 Killer Klowns (Zot:5)
  A curse toe (Zot:4)
  10 golden dragons
  Jory (Crypt:1)
  Nikola (Vaults:1)
  6 bone dragons
  3 electric golems
  A Brimstone Fiend (Depths:4)
  24 tentacled monstrosities
  25 Orb Guardians (Zot:5)
  An Ice Fiend (Depths:4)
  9 liches
  4 titans
  6 quicksilver dragons
  An acid blob (Slime:1)
  Polyphemus (Shoals:3)
  8 krakens
  Gastronok (Lair:3)
  3 sphinxes
  2 Executioners
  30 tentacled starspawn
  8 ancient champions
  15 death cobs
  Kirke (Shoals:3)
  9 tengu reavers
  17 storm dragons
  10 shadow dragons
  Ilsuiw (Shoals:3)
  9 nagarajas
  4 draconian monks
  3 revenants
  5 fire giants
  A daeva (Abyss:1)
  2 iron dragons
  6 draconian knights
  4 balrugs
  19 vault wardens
  10 frost giants
  8 draconian shifters
  2 orc warlords
  3 deep elf sorcerers
  7 draconian scorchers
  5 ghost moths
  2 deep elf elementalists
  Louise (Elf:1)
  A curse skull (Crypt:1)
  6 draconian stormcallers
  A spriggan defender (Depths:3)
  An angel (Abyss:4)
  A cacodemon (Abyss:3)
  3 ghouls
  2 reapers (Crypt:2)
  9 ironheart preservers
  5 war gargoyles
  11 draconian annihilators
  15 very ugly things
  7 green draconians
  16 stone giants
  5 deep elf demonologists
  16 purple draconians
  13 black draconians
  4 entropy weavers
  An ophan (Abyss:1)
  4 vampire knights
  2 deep elf annihilators
  13 yellow draconians
  14 red draconians
  2 lorocyprocas
  12 white draconians
  8 spark wasps
  Snorg (D:14)
  11 ettins
  2 green deaths (Abyss:4)
  6 deep elf death magi
  5 eidola
  5 merfolk javelineers
  3 deep elf high priests (Vaults:5)
  3 crystal guardians (Crypt:3)
  8 merfolk impalers
  6 jiangshi
  Erolcha (D:10)
  9 fire dragons
  A quicksilver dragon skeleton (Crypt:3)
  5 blizzard demons
  14 great orbs of eyes
  17 yaktaur captains
  2 quicksilver dragon zombies
  4 spriggan air magi
  4 hydras
  10 rakshasas
  A hell beast (Depths:3)
  29 vault guards
  9 ice dragons
  4 catoblepae
  10 centaur warriors
  16 naga warriors
  An alligator snapping turtle (Shoals:1)
  6 death knights
  4 death yaks (Shoals:3)
  A ghost crab (Abyss:4)
  4 merfolk avatars
  12 two-headed ogres
  10 anacondas
  10 hell hogs
  4 merfolk aquamancers
  25 dancing weapons
  5 tengu warriors
  8 deep troll shamans
  9 deep troll earth magi
  3 vampire magi
  A titan zombie (Crypt:3)
  16 naga sharpshooters
  5 satyrs
  2 orc high priests
  8 shock serpents
  6 ogre magi
  25 thrashing horrors
  6 spriggan berserkers
  22 wretched stars
  A soul eater (Abyss:3)
  2 titan skeletons
  21 deep elf knights
  54 skeletal warriors
  5 sun demons (Abyss:1)
  4 sixfirhies
  A fire crab (Abyss:4)
  A shadow wraith (Crypt:2)
  2 salamander mystics (Snake:2)
  4 spatial maelstroms
  22 hell knights
  4 iron trolls
  12 sea snakes
  2 unseen horrors (shapeshifter) (Vaults:2)
  A deep troll (shapeshifter) (Vaults:2)
  A shadow dragon zombie (Crypt:3)
  3 swamp dragons
  An infernal demonspawn (Depths:3)
  8 glowing orange brains
  4 unseen horrors
  13 ironbrand convokers
  5 flayed ghosts
  A swamp dragon (shapeshifter) (Depths:5)
  A shambling mangrove (Abyss:4)
  2 wizards
  Pikel (D:5)
  11 naga ritualists
  2 golden dragon zombies
  20 deep elf archers
  A death drake (Zot:1)
  8 phantasmal warriors
  A wolf spider zombie (D:13)
  29 deep trolls
  57 deep elf magi
  An anaconda skeleton (Crypt:1)
  11 orc knights
  A sphinx zombie (Crypt:2)
  11 harpies
  15 necromancers
  6 wolf spiders
  A harpy (shapeshifter) (Abyss:4)
  An oklob plant (Lair:3)
  17 mana vipers
  A frost giant zombie (Vaults:3)
  2 orc sorcerers
  A stone giant zombie (Crypt:1)
  43 ugly things
  11 fauns
  2 shadow dragon skeletons
  4 worldbinders
  A sphinx skeleton (Depths:2)
  3 tengu skeletons
  2 orb spiders (shapeshifter) (Depths:1)
  An iron dragon skeleton (Depths:2)
  22 moths of wrath
  10 manticores
  A salamander (shapeshifter) (Vaults:4)
  3 frost giant skeletons
  8 salamanders
  8 merfolk sirens
  37 black mambas
  10 cyclopes
  10 elephants
  6 guardian serpents
  A dire elephant zombie (Crypt:3)
  27 smoke demons
  A torpor snail (Lair:5)
  7 apocalypse crabs
  A rust devil (Depths:3)
  Joseph (Lair:1)
  3 stone giant skeletons
  9 vault sentinels
  29 naga magi
  2 gargoyles
  A titan simulacrum (Crypt:2)
  11 spiny frogs
  An eye of devastation (Zot:1)
  8 orange demons
  4 centaur skeletons
  10 water nymphs
  3 human zombies
  A spriggan skeleton (Depths:2)
  3 efreet
  5 hellions
  8 komodo dragons
  69 yaktaurs
  5 hellwings
  3 rime drakes
  A komodo dragon (shapeshifter) (Elf:1)
  A demonic crawler (Abyss:3)
  A yaktaur skeleton (Vaults:3)
  An ice devil (Lair:6)
  2 human skeletons (Vaults:4)
  A tormentor (Abyss:4)
  A kobold demonologist (D:15)
  10 trolls
  12 freezing wraiths
  A catoblepas skeleton (Crypt:3)
  A queen ant zombie (Crypt:2)
  8 polar bears
  4 red devils
  A golden dragon simulacrum (Crypt:1)
  A hydra zombie (Crypt:3)
  3 meliai (D:14)
  A meliai (shapeshifter) (Vaults:3)
  A white draconian skeleton (Crypt:2)
  23 merfolk
  12 ancient zymes
  A troll (shapeshifter) (Abyss:3)
  A polar bear (shapeshifter) (Vaults:3)
  3 wind drakes
  8 hornets
  6 tengu conjurers
  21 blink frogs
  35 raiju
  A hornet (shapeshifter) (D:15)
  A hydra skeleton (Crypt:1)
  9 dream sheep
  An iron dragon simulacrum (Abyss:4)
  A raiju (shapeshifter) (Abyss:3)
  18 snapping turtles
  2 meliai zombies
  A frost giant simulacrum (Vaults:1)
  26 slime creatures
  A human simulacrum (Vaults:1)
  22 hippogriffs
  36 flying skulls
  An ettin zombie (Abyss:3)
  5 shadows
  10 ynoxinuls
  An air elemental (Elf:1)
  2 vampires
  2 spriggans (shapeshifter)
  19 water elementals
  2 tarantellas (shapeshifter)
  4 wyverns
  A fire dragon skeleton (Crypt:1)
  6 redbacks
  A tarantella (Zot:2)
  2 humans (shapeshifter)
  8 wraiths
  Eustachio (D:6)
  A wyvern (shapeshifter) (Depths:4)
  28 yaks
  11 chaos spawn
  A fire bat (Abyss:1)
  2 ettin skeletons (Crypt:3)
  A basilisk (shapeshifter) (Elf:1)
  2 hogs (Shoals:3)
  A basilisk (Lair:1)
  A steam dragon (D:8)
  3 hungry ghosts
  2 humans (Shoals:3)
  8 neqoxecs
  Menkaure (D:6)
  19 spatial vortices
  A yaktaur simulacrum (Vaults:3)
  A deep troll zombie (Crypt:2)
  2 soldier ants (D:8)
  8 wargs
  A soldier ant (shapeshifter) (Elf:1)
  39 nagas
  3 acid dragons
  2 floating eyes
  10 hell hounds
  11 water moccasins
  2 hydra simulacra (Zot:3)
  56 orc warriors
  A spiny frog skeleton (Crypt:1)
  9 porcupines
  A black bear (shapeshifter) (Depths:5)
  4 slaves
  6 sky beasts
  A hornet zombie (Crypt:2)
  9 ice beasts
  4 eyes of draining
  68 starcursed masses
  2 black bears
  An ice dragon simulacrum (Crypt:2)
  5 boggarts (Vaults:1)
  23 ogres
  7 necrophages
  A swamp dragon zombie (Crypt:1)
  3 phantoms
  33 large abominations
  A snapping turtle skeleton (Crypt:1)
  24 centaurs
  15 wolves
  14 crocodiles
  A hippogriff zombie (Crypt:2)
  8 big kobolds
  A gnoll sergeant (Orc:1)
  A yaktaur zombie (Crypt:2)
  19 bullfrogs
  8 earth elementals
  32 small abominations
  4 scorpions
  A polar bear zombie (Crypt:1)
  15 killer bees
  9 wights
  A yak skeleton (Crypt:2)
  A howler monkey (D:7)
  3 electric eels
  A raiju skeleton (Crypt:1)
  22 crimson imps
  2 bullfrog zombies
  4 centaur zombies
  14 jellies
  Crazy Yiuf (D:3)
  5 quasits
  A gnoll shaman (D:8)
  21 orc priests
  3 bullfrog skeletons
  8 hounds
  31 orc wizards
  4 iron imps
  Ijyb (D:4)
  3 iguanas
  12 worker ants
  A deep dwarf zombie (Crypt:2)
  A bullfrog simulacrum (D:9)
  A demigod skeleton (Crypt:2)
  2 hound zombies
  2 hound skeletons
  A worker ant zombie (D:7)
  10 gnolls
  A howler monkey skeleton (D:8)
  18 adders
  A naga simulacrum (Abyss:4)
  A river rat (D:12)
  3 shadow imps
  17 white imps
  A worker ant simulacrum (D:9)
  8 ufetubi
  4 oozes (Lair:5)
  4 adder skeletons
  A halfling skeleton (Crypt:1)
  2 worms
  A ball lightning (Zot:2)
  2 dart slugs
  4 leopard geckos
  130 orcs
  12 bats
  7 giant cockroaches
  4 goblins
  9 hobgoblins
  18 jackals
  5 quokkas
  3 ball pythons
  5 frilled lizards
  A hobgoblin skeleton (Crypt:2)
  35 kobolds
  A leopard gecko zombie (D:8)
  A quokka skeleton (D:4)
  3 rats
  A crawling corpse (Vaults:5)
  7 fungi
  A lurking horror (Abyss:4)
  18 plants
  45 starspawn tentacles
  38 tentacles
3089 creatures vanquished.

Vanquished Creatures (collateral kills)
  2 orbs of fire (Zot:5)
  A Killer Klown (Zot:5)
  An electric golem (Zot:5)
  3 starcursed masses (Abyss:3)
  A titan (Vaults:5)
  A sphinx (Vaults:5)
  A shadow dragon (Zot:5)
  A nagaraja (Snake:2)
  A vault warden (Vaults:5)
  A green draconian (Zot:5)
  A small abomination (Vaults:5)
  A hell hog (Abyss:3)
  A hell knight (Vaults:5)
  A sixfirhy (Lair:6)
  A glowing orange brain (Abyss:3)
  A large abomination (Abyss:4)
  A deep elf mage (Vaults:5)
  A faun (Shoals:2)
  A manticore (Shoals:4)
  2 salamanders (Snake:2)
  A cyclops (Shoals:4)
  A black mamba (Snake:2)
  A merfolk siren (Shoals:2)
  2 smoke demons
  An apocalypse crab (Abyss:4)
  A centaur skeleton (D:14)
  A naga mage (Snake:2)
  A hellwing (Abyss:4)
  2 raiju (Abyss:3)
  A shadow dragon simulacrum (Abyss:3)
  2 dream sheep (Shoals:4)
  A vampire (Abyss:3)
  A yak (Lair:6)
  A neqoxec (Abyss:3)
  2 nagas
  3 orc warriors
  A fire dragon simulacrum (Abyss:3)
  2 orc wizards (Orc:2)
  A shadow imp (Abyss:3)
  3 white imps (Abyss:3)
  2 orcs
  2 tentacles (Shoals:1)
57 creatures vanquished.

Vanquished Creatures (others)
  A draconian stormcaller (Zot:2)
  A stone giant (Vaults:5)
  A white draconian (Zot:2)
  2 yaktaur captains (Vaults:5)
  A shadow wraith (Vaults:3)
  A deep elf mage (Elf:3)
  A moth of wrath (Zot:2)
  A large abomination (Abyss:3)
  A naga (Snake:1)
  A white imp (Abyss:3)
  An orc (Vaults:5)
  2 bushes (D:4)
  4 fungi
  45 plants
  41 starspawn tentacles
  68 tentacles
172 creatures vanquished.

Grand Total: 3318 creatures vanquished

Notes
Turn   | Place    | Note
-------+----------+-------------------------------------------
     0 | D:1      | Faustar the Minotaur Berserker began the quest for the Orb.
     0 | D:1      | Reached XP level 1. HP: 19/19 MP: 0/0
   185 | D:1      | Reached XP level 2. HP: 20/27 MP: 1/1
   779 | D:2      | Reached ** piety under Trog
   779 | D:2      | Reached XP level 3. HP: 32/34 MP: 2/2
  1078 | D:2      | Reached XP level 4. HP: 37/41 MP: 3/3
  1330 | D:3      | Reached skill level 5 in Fighting
  1330 | D:3      | Reached skill level 5 in Axes
  1356 | D:3      | Found an ornate altar of the Wu Jian Council.
  1553 | D:3      | Noticed a bullfrog
  1557 | D:3      | Reached XP level 5. HP: 47/48 MP: 4/4
  1560 | D:3      | Reached *** piety under Trog
  1733 | D:3      | Found a runed door.
  1917 | D:3      | Noticed Crazy Yiuf
  1920 | D:3      | Killed Crazy Yiuf
  1997 | D:4      | Noticed Ijyb
  2017 | D:4      | Killed Ijyb
  2017 | D:4      | Reached XP level 6. HP: 58/58 MP: 5/5
  2333 | D:4      | Reached XP level 7. HP: 51/66 MP: 6/6
  2353 | D:4      | Found a blossoming altar of Fedhas.
  3066 | D:5      | Entered Level 5 of the Dungeon
  3066 | D:5      | Noticed Pikel
  3386 | D:5      | Reached XP level 8. HP: 75/75 MP: 7/7
  3736 | D:5      | Killed Pikel
  3736 | D:5      | Reached skill level 10 in Fighting
  3736 | D:5      | Reached skill level 10 in Axes
  3920 | D:6      | Noticed Menkaure
  3926 | D:6      | Killed Menkaure
  3954 | D:6      | Reached XP level 9. HP: 77/86 MP: 8/8
  3962 | D:6      | Reached **** piety under Trog
  4388 | D:6      | Noticed Eustachio
  4395 | D:6      | Killed Eustachio
  4594 | D:7      | Received a gift from Trog
  4823 | D:7      | Found a staircase to the Ecumenical Temple.
  5320 | Temple   | Entered the Ecumenical Temple
  5633 | D:8      | Reached XP level 10. HP: 96/99 MP: 9/9
  5645 | D:8      | Found Soinafud's Food Boutique.
  5690 | D:8      | Found a staircase to the Lair.
  6315 | D:8      | Received a gift from Trog
  6810 | D:9      | Found Jootang's Distillery.
  6829 | D:9      | Bought a potion of might for 60 gold pieces
  6829 | D:9      | Bought a potion of degeneration for 15 gold pieces
  7011 | D:9      | Paralysed by a hornet for 2 turns
  7405 | D:9      | Reached XP level 11. HP: 110/110 MP: 10/10
  7561 | D:9      | Found a snail-covered altar of Cheibriados.
  8108 | D:10     | Entered Level 10 of the Dungeon
  8458 | D:10     | Noticed Erolcha
  8477 | D:10     | Killed Erolcha
  8477 | D:10     | Reached skill level 5 in Armour
  8650 | D:10     | Reached ***** piety under Trog
  9315 | D:11     | Found a blossoming altar of Fedhas.
  9318 | D:11     | Noticed an oklob plant
  9318 | D:11     | Noticed an oklob plant
  9498 | D:11     | Noticed a red ugly thing
  9513 | D:11     | Killed a red ugly thing
  9826 | D:11     | Found a glowing silver altar of Zin.
 10262 | D:12     | Found a roughly hewn altar of Beogh.
 10262 | D:12     | Found a staircase to the Orcish Mines.
 10284 | D:12     | Reached skill level 15 in Axes
 10394 | D:12     | Reached skill level 15 in Fighting
 11032 | D:12     | Noticed a two-headed ogre
 11042 | D:12     | Killed a two-headed ogre
 11042 | D:12     | Reached XP level 12. HP: 119/119 MP: 11/11
 11716 | D:13     | Reached skill level 10 in Armour
 11875 | D:13     | Received a gift from Trog
 11876 | D:13     | Got a pitted executioner's axe {god gift}
 11877 | D:13     | Identified the +9 executioner's axe of the Unspeakable One {chop, Dex+4} (Trog gifted it to you on level 13 of the Dungeon)
 12036 | D:13     | Noticed a yaktaur captain
 12159 | Lair:1   | Entered Level 1 of the Lair of Beasts
 12832 | Lair:1   | Noticed Joseph
 12844 | Lair:1   | Killed Joseph
 13575 | Lair:2   | Noticed a six-headed hydra
 13596 | Lair:2   | Killed a seven-headed hydra
 14139 | Lair:2   | Reached XP level 13. HP: 126/128 MP: 12/12
 14187 | Lair:2   | Found a staircase to the Snake Pit.
 14348 | Lair:2   | Found a staircase to the Shoals.
 14719 | Lair:3   | Found an ornate altar of the Wu Jian Council.
 14726 | Lair:3   | Noticed Gastronok
 14743 | Lair:3   | Killed Gastronok
 14847 | Lair:3   | Received a gift from Trog
 16126 | Lair:3   | Found a runed door.
 18398 | Lair:5   | Found a staircase to the Slime Pits.
 18782 | Lair:5   | Received a gift from Trog
 19280 | Lair:6   | Entered Level 6 of the Lair of Beasts
 19322 | Lair:6   | Reached XP level 14. HP: 134/136 MP: 13/13
 20357 | Lair:6   | Found a burning altar of Makhleb.
 20400 | Lair:6   | Found a gateway to Hell.
 21010 | D:13     | Received a gift from Trog
 21089 | D:13     | Found a gate to the Vaults.
 21257 | D:14     | Noticed Snorg
 21272 | D:14     | Killed Snorg
 22705 | D:15     | Entered Level 15 of the Dungeon
 22873 | Orc:1    | Entered Level 1 of the Orcish Mines
 22888 | Orc:1    | Received a gift from Trog
 23111 | Orc:2    | Entered Level 2 of the Orcish Mines
 23297 | Orc:1    | Found a roughly hewn altar of Beogh.
 23370 | Orc:1    | Found Tihuclick's Magic Scroll Shop.
 23417 | Orc:1    | Reached XP level 15. HP: 143/144 MP: 14/14
 23759 | Orc:2    | Found a roughly hewn altar of Beogh.
 23837 | Orc:2    | Found a roughly hewn altar of Beogh.
 24009 | Orc:2    | Found a runed gate.
 24012 | Orc:2    | Found a runed gate.
 24012 | Orc:2    | Found a runed gate.
 24026 | Orc:2    | Noticed Arth's ghost (journeyman MiFi)
 24082 | Orc:2    | Found a roughly hewn altar of Beogh.
 24083 | Orc:2    | Found Wanewo's Gadget Emporium.
 24151 | Orc:2    | Found a roughly hewn altar of Beogh.
 24221 | Orc:2    | Received a gift from Trog
 24245 | Orc:2    | Noticed an orc warlord
 24255 | Orc:2    | Found a staircase to the Elven Halls.
 24290 | Orc:2    | Killed an orc warlord
 24443 | Orc:2    | Found a roughly hewn altar of Beogh.
 24554 | Orc:2    | Found Etwa's Antique Armour Boutique.
 24610 | Orc:2    | Found Ziuji's Antique Weapon Boutique.
 24611 | Orc:2    | Found a roughly hewn altar of Beogh.
 24632 | Orc:2    | Found Hutiamev's Antique Armour Shop.
 24647 | Orc:2    | Bought a runed scarf for 248 gold pieces
 24647 | Orc:2    | Bought a heavily runed cloak for 294 gold pieces
 24657 | Orc:2    | Identified the +0 cloak "Irutrawa" {+Blink Int+3} (You bought it in a shop on level 2 of the Orcish Mines)
 24720 | Orc:2    | Bought a shimmering scale mail for 279 gold pieces
 24730 | Orc:2    | Identified the cursed +0 scale mail of Midnight {rElec rN+ Slay+2 SInv} (You bought it in a shop on level 2 of the Orcish Mines)
 24779 | Orc:2    | Bought a glowing plate armour for 884 gold pieces
 24822 | Orc:2    | Found a roughly hewn altar of Beogh.
 25693 | D:15     | Found a staircase to the Depths.
 25735 | D:15     | Found Ryjafer's Food Shoppe.
 25825 | D:15     | Found a shadowy altar of Dithmenos.
 26012 | D:15     | Identified Sif Muna's Handbook of Harmful Poison
 26996 | Snake:1  | Entered Level 1 of the Snake Pit
 27045 | Snake:1  | Received a gift from Trog
 28656 | Snake:2  | Noticed a nagaraja
 28667 | Snake:2  | Killed a nagaraja
 28953 | Snake:2  | Found Eshreh's Food Emporium.
 29180 | Snake:2  | Found the +8 autumn katana {slice, Clar}
 29911 | Snake:2  | Found a runed door.
 29912 | Snake:2  | Found a shimmering altar of Xom.
 29912 | Snake:2  | Noticed Execuda's ghost (adept HOMo)
 30212 | Snake:2  | Reached XP level 16. HP: 111/155 MP: 15/15
 30471 | Snake:2  | Noticed Vashnia
 30476 | Snake:2  | Received a gift from Trog
 30490 | Snake:2  | Killed Vashnia
 31465 | Snake:3  | Found a sparkling altar of Nemelex Xobeh.
 33400 | Snake:4  | Entered Level 4 of the Snake Pit
 33863 | Snake:4  | Reached skill level 15 in Armour
 35580 | Snake:4  | Found Itruucasm's General Store.
 35682 | Snake:4  | Received a gift from Trog
 35774 | Snake:4  | Found Qareadd's Gadget Emporium.
 35776 | Snake:4  | Found Elicew's Jewellery Boutique.
 35777 | Snake:4  | Found Ytzeic Ashra's Gadget Emporium.
 35784 | Snake:4  | Bought an uncursed amulet of regeneration for 510 gold pieces
 36154 | Snake:4  | Reached XP level 17. HP: 150/166 MP: 16/16
 37398 | Snake:4  | Received a gift from Trog
 37677 | Snake:4  | Got a serpentine rune of Zot
 37871 | Shoals:1 | Entered Level 1 of the Shoals
 38366 | Shoals:1 | Noticed a kraken
 38572 | Shoals:1 | Killed a kraken
 39100 | Shoals:2 | Received a gift from Trog
 39483 | Shoals:2 | Found Avaocleq's Distillery.
 39613 | Shoals:2 | Bought a potion of haste for 190 gold pieces
 39613 | Shoals:2 | Bought a potion of heal wounds for 95 gold pieces
 39613 | Shoals:2 | Bought a potion of curing for 57 gold pieces
 39967 | Shoals:2 | Noticed a kraken
 39990 | Shoals:2 | Killed a kraken
 40148 | Shoals:2 | Noticed a kraken
 40162 | Shoals:2 | Killed a kraken
 40240 | Shoals:3 | Noticed a kraken
 40240 | Shoals:3 | Noticed a kraken
 40240 | Shoals:3 | Noticed a kraken
 40240 | Shoals:3 | Noticed a kraken
 40350 | Shoals:3 | Killed a kraken
 40649 | Shoals:3 | Noticed Kirke
 40668 | Shoals:3 | Killed Kirke
 40798 | Shoals:3 | Killed a kraken
 40798 | Shoals:3 | Reached XP level 18. HP: 153/180 MP: 17/17
 41230 | Shoals:3 | Noticed Ilsuiw
 41438 | Shoals:3 | Noticed Polyphemus
 41452 | Shoals:3 | Killed Polyphemus
 42001 | Shoals:3 | Killed Ilsuiw
 42068 | Shoals:4 | Entered Level 4 of the Shoals
 42105 | Shoals:4 | Received a gift from Trog
 42601 | Shoals:4 | Found the +10 zealot's sword {holy, *Rage rN+ EV+3}
 43041 | Shoals:4 | Identified 2 scrolls of acquirement
 43132 | Shoals:4 | Got a barnacled rune of Zot
 43610 | Vaults:1 | Entered Level 1 of the Vaults
 43682 | Vaults:1 | Noticed Nikola
 43709 | Vaults:1 | Killed Nikola
 44063 | Elf:1    | Entered Level 1 of the Elven Halls
 44224 | Elf:1    | Received a gift from Trog
 44235 | Elf:1    | Noticed Louise
 44256 | Elf:1    | Killed Louise
 44319 | Elf:1    | Reached XP level 19. HP: 164/192 MP: 18/18
 45649 | Elf:2    | Found a large runed door.
 45649 | Elf:2    | Found a large runed door.
 45650 | Elf:2    | Noticed Icoamn's ghost (journeyman MiBe)
 46125 | Elf:2    | Received a gift from Trog
 46443 | Elf:2    | Found a runed door.
 46559 | Elf:2    | Found a runed door.
 46870 | Elf:3    | Entered Level 3 of the Elven Halls
 47461 | Vaults:1 | Found a portal to a secret trove of treasure.
 47593 | Vaults:1 | Reached ****** piety under Trog
 47741 | Vaults:1 | Received a gift from Trog
 47742 | Vaults:1 | Got a twisted battleaxe {god gift}
 48251 | Vaults:1 | Found Rexusiwn's Distillery.
 48551 | Vaults:1 | Reached XP level 20. HP: 187/205 MP: 19/19
 48811 | Vaults:2 | Received a gift from Trog
 49447 | Vaults:2 | Received a gift from Trog
 51502 | Vaults:3 | Found a staircase to the Crypt.
 51657 | Crypt:1  | Entered Level 1 of the Crypt
 51771 | Vaults:4 | Received a gift from Trog
 52239 | Vaults:4 | Found Jasos's Antique Weapon Shop.
 52285 | Vaults:4 | Received a gift from Trog
 53018 | Vaults:4 | Reached XP level 21. HP: 198/217 MP: 20/20
 53485 | Depths:1 | Entered Level 1 of the Depths
 53523 | Depths:1 | Received a gift from Trog
 54103 | Depths:1 | Found Soqidol's Antique Weapon Shop.
 54103 | Depths:1 | Found Fopsir's Assorted Antiques.
 54138 | Depths:1 | Bought an embroidered scarf for 328 gold pieces
 56466 | Depths:2 | Reached skill level 27 in Axes
 57485 | Depths:3 | Reached XP level 22. HP: 188/231 MP: 21/21
 57696 | Depths:2 | Reached skill level 27 in Fighting
 57772 | Depths:2 | Received a gift from Trog
 58217 | Depths:3 | Found a one-way gate leading to the halls of Pandemonium.
 58367 | Depths:3 | Found a one-way gate to the infinite horrors of the Abyss.
 58692 | Depths:4 | Noticed a golden dragon
 58982 | Depths:4 | Found Uhofuz's Antique Armour Boutique.
 59112 | Depths:4 | Bought a jade-encrusted plate armour for 1288 gold pieces
 59133 | Depths:3 | Identified the cursed +1 plate armour "Forama" {rElec rCorr} (You bought it in a shop on level 4 of the Depths)
 59220 | Depths:3 | Identified the +8 long sword "Hoann" {venom, MR++ Stlth-} (You took it off a spriggan defender on level 3 of the Depths)
 59275 | Depths:4 | Paralysed by a floating eye for 4 turns
 59414 | Depths:4 | Got a pair of heavily runed gloves
 59430 | Depths:4 | Identified the +1 pair of gloves of the Saviour {Int-5 Dex-2 Slay+5 SInv} (You found it on level 4 of the Depths)
 59502 | Depths:4 | Got a steaming bronze ring
 59533 | Depths:4 | Noticed a golden dragon
 59959 | Depths:4 | Killed a golden dragon
 59995 | Depths:4 | Killed a golden dragon
 60879 | Depths:4 | Identified the ring of Ephemeral Luck {rC++ MR+ Dex-3} (You took it off an ogre mage on level 4 of the Depths)
 61557 | Depths:5 | Entered Level 5 of the Depths
 61832 | Depths:5 | Received a gift from Trog
 62427 | Depths:5 | Reached XP level 23. HP: 240/240 MP: 22/22
 62458 | Depths:5 | Found a gateway to a ziggurat.
 62582 | Depths:5 | Identified the +10 broad axe of Vymiw {speed, rF+ MP+9} (You took it off a frost giant on level 5 of the Depths)
 62727 | Depths:5 | Found a shattered altar of Ashenzari.
 62914 | Depths:5 | Found a gate to the Realm of Zot.
 63507 | Depths:1 | Bought a scroll of enchant armour for 307 gold pieces
 63706 | Vaults:1 | You paid a toll of +6 fire dragon scales to enter a treasure trove
 63707 | Trove    | Entered a treasure trove
 64099 | Crypt:1  | Reached skill level 1 in Shields
 64142 | Crypt:1  | Received a gift from Trog
 64285 | Crypt:1  | Noticed Jory
 64303 | Crypt:1  | Reached skill level 5 in Shields
 64304 | Crypt:1  | Killed Jory
 64461 | Crypt:1  | Reached skill level 10 in Shields
 65718 | Crypt:2  | Noticed Boris
 65732 | Crypt:2  | Killed Boris
 65872 | Crypt:2  | Received a gift from Trog
 66082 | Crypt:2  | Reached skill level 15 in Shields
 67728 | Crypt:3  | Entered Level 3 of the Crypt
 67816 | Crypt:3  | Received a gift from Trog
 68316 | Crypt:3  | Noticed Margery
 68339 | Crypt:3  | Killed Margery
 68364 | Crypt:3  | Reached XP level 24. HP: 155/249 MP: 22/22
 68830 | Crypt:3  | Found a basalt altar of Yredelemnul.
 68830 | Crypt:3  | Noticed an ancient lich
 68841 | Crypt:3  | Killed an ancient lich
 69742 | Crypt:3  | Found a staircase to the Tomb.
 69753 | Crypt:3  | Identified the Catalogue of Evil Rituals
 69773 | Tomb:1   | Entered Level 1 of the Tomb of the Ancients
 70174 | Crypt:3  | Identified Vehumet's Reference Book on Attacks
 70236 | Crypt:3  | Identified the +6 large shield "Niowk" {rPois} (You found it on level 3 of the Crypt)
 70721 | Vaults:1 | Bought a potion of heal wounds for 105 gold pieces
 70721 | Vaults:1 | Bought a potion of heal wounds for 105 gold pieces
 70721 | Vaults:1 | Bought a potion of haste for 210 gold pieces
 71136 | D:9      | Bought a potion of haste for 150 gold pieces
 71136 | D:9      | Bought a potion of resistance for 150 gold pieces
 71136 | D:9      | Bought a potion of might for 60 gold pieces
 71136 | D:9      | Bought a potion of agility for 60 gold pieces
 71458 | Vaults:5 | Entered Level 5 of the Vaults
 71466 | Vaults:4 | Received a gift from Trog
 72012 | Vaults:4 | Received a gift from Trog
 72808 | Vaults:5 | Reached XP level 25. HP: 233/257 MP: 22/22
 73237 | Vaults:5 | Got a silver rune of Zot
 73462 | Vaults:5 | Found Daub's Distillery.
 73462 | Vaults:5 | Found Coriomis's Food Shoppe.
 73465 | Vaults:5 | Found Keoqoz's Magic Scroll Emporium.
 73466 | Vaults:5 | Bought a potion of haste for 140 gold pieces
 73466 | Vaults:5 | Bought a potion of heal wounds for 70 gold pieces
 73473 | Vaults:5 | Bought a scroll of fog for 40 gold pieces
 73473 | Vaults:5 | Bought a scroll of fog for 40 gold pieces
 73507 | Vaults:5 | Found Buretsig's Magic Scroll Emporium.
 73511 | Vaults:5 | Bought a scroll of fear for 59 gold pieces
 73511 | Vaults:5 | Bought a scroll of enchant armour for 127 gold pieces
 73511 | Vaults:5 | Bought a scroll of summoning for 161 gold pieces
 73578 | Vaults:5 | Found Neuhaxuo's Food Shop.
 73578 | Vaults:5 | Found Mone Iss's Distillery.
 73588 | Vaults:5 | Found Iwnek's Food Boutique.
 73589 | Vaults:5 | Bought a potion of heal wounds for 70 gold pieces
 73589 | Vaults:5 | Bought a potion of haste for 140 gold pieces
 73589 | Vaults:5 | Bought a potion of haste for 140 gold pieces
 73610 | Vaults:5 | Found Paegiuph's Distillery.
 73614 | Vaults:5 | Bought a potion of heal wounds for 90 gold pieces
 73614 | Vaults:5 | Bought a potion of might for 72 gold pieces
 73614 | Vaults:5 | Bought a potion of heal wounds for 90 gold pieces
 73614 | Vaults:5 | Bought 2 potions of resistance for 360 gold pieces
 74513 | Depths:3 | Voluntarily entered the Abyss.
 74536 | Abyss:1  | Found a corrupted altar of Lugonu.
 74594 | Abyss:1  | Gained mutation: Your body sometimes deteriorates upon taking damage. [a neqoxec]
 74649 | Abyss:1  | Found a runed door.
 74708 | Abyss:1  | Found a corrupted altar of Lugonu.
 74748 | Abyss:1  | Found a runed door.
 74901 | Abyss:3  | Found a corrupted altar of Lugonu.
 75106 | Abyss:3  | Found a corrupted altar of Lugonu.
 75206 | Abyss:3  | Found a corrupted altar of Lugonu.
 75297 | Abyss:3  | Received a gift from Trog
 75995 | Abyss:3  | Paralysed by accursed screaming for 2 turns
 76101 | Abyss:3  | Found a corrupted altar of Lugonu.
 76330 | Abyss:3  | Lost intelligence.
 76347 | Abyss:3  | Paralysed by accursed screaming for 1 turns
 76349 | Abyss:3  | Received a gift from Trog
 76414 | Abyss:3  | Lost intelligence.
 76430 | Abyss:3  | Gained mutation: Your magical capacity is low. (-10% MP) [a neqoxec]
 76476 | Abyss:4  | Lost intelligence.
 76491 | Abyss:4  | Paralysed by you for 5 turns
 76654 | Depths:3 | Escaped the Abyss
 76655 | Depths:3 | Lost mutation: Your magical capacity is low. (-10% MP) [potion of mutation]
 76655 | Depths:3 | Lost mutation: Your body sometimes deteriorates upon taking damage. [potion of mutation]
 76655 | Depths:3 | Gained mutation: Your flesh is heat resistant. (rF+) [potion of mutation]
 76655 | Depths:3 | Gained mutation: You expend magic power (3 MP) to strengthen your wands. [potion of mutation]
 76655 | Depths:3 | Gained mutation: Your magical capacity is low. (-10% MP) [potion of mutation]
 76655 | Depths:3 | Gained mutation: You can translocate small distances at will. [potion of mutation]
 77363 | Depths:3 | Voluntarily entered the Abyss.
 77363 | Abyss:1  | Found a corrupted altar of Lugonu.
 77523 | Abyss:1  | Reached XP level 26. HP: 258/266 MP: 19/19
 77632 | Abyss:1  | Reached skill level 27 in Shields
 77737 | Abyss:1  | Found a corrupted altar of Lugonu.
 77930 | Depths:3 | Escaped the Abyss
 78083 | Depths:3 | Voluntarily entered the Abyss.
 78364 | Abyss:1  | Received a gift from Trog
 78430 | Abyss:1  | Got a slimy marble ring
 78431 | Abyss:1  | Identified the cursed ring of Tulips {+Blink MR- AC-2 Str-4 Int+9} (You found it on level 1 of the Abyss)
 78670 | Abyss:1  | Received a gift from Trog
 79064 | Abyss:2  | Found a corrupted altar of Lugonu.
 79556 | Abyss:3  | Reached skill level 27 in Armour
 79672 | Abyss:4  | Paralysed by accursed screaming for 1 turns
 79717 | Abyss:4  | Received a gift from Trog
 79742 | Abyss:4  | Reached skill level 5 in Dodging
 80010 | Abyss:4  | Gained mutation: Armour fits poorly on your strangely shaped body. [a neqoxec]
 80103 | Abyss:4  | Paralysed by accursed screaming for 1 turns
 80281 | Abyss:4  | Reached skill level 10 in Dodging
 80299 | Abyss:4  | Received a gift from Trog
 80351 | Abyss:4  | Got an abyssal rune of Zot
 80481 | Depths:3 | Escaped the Abyss
 80836 | Slime:1  | Entered Level 1 of the Pits of Slime
 80863 | Slime:1  | Gained mutation: Your spells are a little easier to cast, but a little less powerful. [a shining eye]
 81199 | Zot:1    | Entered Level 1 of the Realm of Zot
 81392 | Zot:1    | Reached skill level 1 in Evocations
 81755 | Zot:1    | Reached XP level 27. HP: 267/273 MP: 22/22
 81957 | Zot:2    | Noticed an orb of fire
 82067 | Zot:1    | Reached skill level 5 in Evocations
 84234 | Vaults:5 | Bought a scroll of blinking for 150 gold pieces
 84255 | Vaults:5 | Bought a scroll of fog for 34 gold pieces
 84255 | Vaults:5 | Bought a scroll of teleportation for 51 gold pieces
 84255 | Vaults:5 | Bought 2 scrolls of identify for 68 gold pieces
 84587 | Orc:1    | Bought a scroll of fear for 49 gold pieces
 84587 | Orc:1    | Bought a scroll of holy word for 105 gold pieces
 84587 | Orc:1    | Bought a scroll of summoning for 133 gold pieces
 84776 | Depths:1 | Bought a scroll of teleportation for 123 gold pieces
 84776 | Depths:1 | Bought a scroll of summoning for 389 gold pieces
 85167 | Zot:1    | Reached skill level 15 in Dodging
 85483 | Zot:2    | Killed an orb of fire
 86608 | Zot:3    | Cast into level 5 of the Abyss (a Zot trap)
 86608 | Abyss:5  | Entered Level 5 of the Abyss
 86649 | Zot:3    | Escaped the Abyss
 86834 | Zot:3    | Received a gift from Trog
 87124 | Zot:3    | Found a transporter.
 87205 | Zot:3    | Noticed an orb of fire
 87221 | Zot:3    | Killed an orb of fire
 87731 | Zot:4    | Noticed an orb of fire
 87743 | Zot:4    | Gained mutation: You are dopey. (Int -2) [an orb of fire]
 87752 | Zot:4    | Killed an orb of fire
 88680 | Zot:5    | Entered Level 5 of the Realm of Zot
 89278 | Zot:5    | Noticed an ancient lich
 89287 | Zot:5    | Killed an ancient lich
 89287 | Zot:5    | Received a gift from Trog
 89593 | Zot:5    | Noticed an orb of fire
 89614 | Zot:5    | Lost intelligence.
 89614 | Zot:5    | Gained mutation: You are very dopey. (Int -4) [an orb of fire]
 89621 | Zot:5    | Killed an orb of fire
 89622 | Zot:5    | Received a gift from Trog
 89664 | Zot:4    | Lost mutation: You are very dopey. (Int -4) [potion of mutation]
 89664 | Zot:4    | Lost mutation: You expend magic power (3 MP) to strengthen your wands. [potion of mutation]
 89664 | Zot:4    | Gained mutation: You expend magic power (3 MP) to strengthen your wands. [potion of mutation]
 89664 | Zot:4    | Gained mutation: Your flesh is very heat resistant. (rF++) [potion of mutation]
 89664 | Zot:4    | Lost mutation: You are dopey. (Int -2) [potion of mutation]
 89942 | Zot:5    | Noticed an orb of fire
 89943 | Zot:5    | Noticed an ancient lich
 89952 | Zot:5    | Noticed an orb of fire
 89956 | Zot:5    | Killed an orb of fire
 89960 | Zot:5    | Killed an orb of fire
 89961 | Zot:5    | Noticed an ancient lich
 89964 | Zot:5    | Killed an ancient lich
 89969 | Zot:5    | Killed an ancient lich
 89970 | Zot:5    | Noticed an orb of fire
 89970 | Zot:5    | Noticed an ancient lich
 89984 | Zot:5    | Killed an ancient lich
 90139 | Zot:5    | Gained mutation: You are weak. (Str -2) [an orb of fire]
 90144 | Zot:5    | Killed an orb of fire
 90614 | Zot:5    | Noticed an orb of fire
 90635 | Zot:5    | Killed an orb of fire
 90886 | Zot:5    | Noticed an orb of fire
 90899 | Zot:5    | Gained mutation: Your body sometimes deteriorates upon taking damage. [an orb of fire]
 90903 | Zot:5    | Killed an orb of fire
 90959 | Zot:5    | Noticed an orb of fire
 90976 | Zot:5    | Killed an orb of fire
 91175 | Zot:5    | Lost mutation: You are weak. (Str -2) [potion of mutation]
 91175 | Zot:5    | Lost mutation: You expend magic power (3 MP) to strengthen your wands. [potion of mutation]
 91175 | Zot:5    | Lost mutation: Your body sometimes deteriorates upon taking damage. [potion of mutation]
 91175 | Zot:5    | Lost mutation: Your flesh is very heat resistant. (rF++) [potion of mutation]
 91175 | Zot:5    | Gained mutation: Your muscles are strong. (Str +2) [potion of mutation]
 91176 | Zot:5    | Got the Orb of Zot
 91303 | Depths:3 | Noticed Rag Kaxeippo the pandemonium lord
 91367 | Depths:2 | Noticed Weneu the pandemonium lord
 91374 | Depths:2 | Paralysed by a floating eye for 3 turns
 91740 | D:$      | Escaped with the Orb!

Skill      XL: |  1  2  3  4  5  6  7  8  9 10 11 12 13 14 15 16 17 18 19 20 21 22 23 24 25 26 27 |
---------------+----------------------------------------------------------------------------------+-----
Fighting       | 4 5 6 7 8 10 12 14 15 16 17 18 20 22 23 25 26 27 | 27.0
Axes           | 4 5 6 7 8 10 12 14 15 16 19 22 23 24 26 27 | 27.0
Armour         | 8 11 12 13 15 18 20 21 24 25 27 | 27.0
Shields        | 16 23 26 27 | 27.0
Dodging        | 12 26 | 26.1
Evocations     | 3 7 |  7.0

Action                   |  1- 3 |  4- 6 |  7- 9 | 10-12 | 13-15 | 16-18 | 19-21 | 22-24 | 25-27 || total
-------------------------+-------+-------+-------+-------+-------+-------+-------+-------+-------++-------
Melee: Hand axe          |    79 |   114 |    19 |       |       |       |       |       |       ||   212
       Headbutt          |     8 |    19 |    35 |   120 |   213 |   230 |   283 |   368 |   727 ||  2003
       War axe           |       |       |    46 |       |       |       |       |       |       ||    46
       Battleaxe         |       |       |   126 |   562 |   203 |       |       |       |       ||   891
       Executioner's axe |       |       |       |    31 |   666 |   958 |  1009 |   669 |       ||  3333
       Broad axe         |       |       |       |       |       |       |       |   567 |  2737 ||  3304
Throw: Javelin           |       |       |       |       |     3 |       |       |       |       ||     3
Invok: Berserk           |     1 |     2 |     4 |    15 |     9 |    13 |    16 |    14 |    15 ||    89
       Trog's Hand       |       |     2 |     3 |    14 |    13 |    22 |    20 |    28 |    55 ||   157
       Brothers in Arms  |       |       |       |       |     5 |     4 |     1 |     5 |    10 ||    25
 Abil: Evoke Flight      |       |       |       |       |       |     1 |       |       |       ||     1
Evoke: Wand              |       |       |       |     7 |    24 |    27 |    16 |    16 |    60 ||   150
  Use: Scroll            |       |     2 |     9 |    12 |     9 |    10 |     6 |    19 |    37 ||   104
       Potion            |       |       |       |       |       |     3 |     2 |     7 |    29 ||    41
 Stab: Distracted        |       |       |     1 |       |       |       |     1 |       |     4 ||     6
       Petrified         |       |       |       |       |       |     5 |       |       |       ||     5
       Paralysed         |       |       |       |       |       |       |     2 |     1 |       ||     3
       Invisible         |       |       |       |       |       |       |       |       |     5 ||     5
  Eat: Chunk             |     1 |     7 |    15 |    33 |    57 |    36 |    57 |    31 |    35 ||   272
       Ration            |       |       |       |     4 |     3 |     9 |     2 |    13 |    20 ||    51
Armor: Ring mail         |    33 |    25 |       |       |       |       |       |       |       ||    58
       Animal skin       |     1 |       |       |       |       |       |       |       |       ||     1
       Chain mail        |       |    33 |   111 |   335 |   313 |       |       |       |       ||   792
       Plate armour      |       |       |       |    13 |   111 |   588 |   593 |   506 |   390 ||  2201
       Scale mail        |       |       |       |       |    21 |       |    17 |    25 |       ||    63
Dodge: Dodged            |    57 |    64 |   103 |   277 |   452 |   393 |   398 |   287 |   336 ||  2367
Block: Shield            |       |       |       |       |       |       |       |   450 |   115 ||   565
       Reflection        |       |       |       |       |       |       |       |    26 |    68 ||    94
       Large shield      |       |       |       |       |       |       |       |       |  2131 ||  2131
